 Dungeon Crawl Stone Soup version 0.21.0-3-g78d12a8 (webtiles) character file.

11515 Gorice the Carver (level 11, -1/75 HPs)
             Began as a Demonspawn Fighter on Jan 12, 2018.
             Was an Elder of Makhleb.
             Slain by a basilisk (11 damage)
             ... on level 9 of the Dungeon on Jan 13, 2018.
             The game lasted 00:51:37 (10611 turns).

Gorice the Carver (Demonspawn Fighter)             Turns: 10611, Time: 00:51:39

Health: -1/75      AC: 32    Str: 19    XL:     11   Next: 50%
Magic:  11/11      EV: 10    Int:  9    God:    Makhleb [****..]
Gold:   99         SH:  6    Dex: 14    Spells: 7/10 levels left

rFire    + + .     SeeInvis .   a - +2 dagger (venom)
rCold    . . .     Gourm    .   H - +2 buckler
rNeg     . . .     Faith    .   M - +2 plate armour {MR+}
rPois    +         Spirit   .   F - +2 helmet
rElec    .         Reflect  .   t - +1 cloak
rCorr    .         Harm     .   N - +0 pair of gloves
MR       +....                  s - +2 pair of boots
Stlth    ..........             (no amulet)
HPRegen  0.22/turn              E - +4 ring of evasion
MPRegen  0.12/turn              p - ring "Paibuiwn" {rPois rF+ AC+3}

@: no status effects
A: iridescent scales 1, fire resistance 1, ignite blood, spiny 1, flame cloud
immunity
a: Minor Destruction, Lesser Servant of Makhleb, Major Destruction, Renounce
Religion


You were on level 9 of the Dungeon.
You worshipped Makhleb.
Makhleb was greatly pleased with you.
You were not hungry.

You visited 2 branches of the dungeon, and saw 11 of its levels.
You also visited: Ossuary.

You collected 739 gold pieces.
You spent 640 gold pieces at shops.

Inventory:

Hand Weapons
 a - a +2 dagger of venom (weapon)
   (You took it off a kobold on level 2 of the Dungeon)
 b - a +1 long sword
 e - a +0 short sword of electrocution
   (You took it off an orc on level 4 of the Dungeon)
 B - a +0 blowgun
Missiles
 j - 3 javelins
 o - 2 tomahawks
 y - 12 needles of sleeping
 L - 4 curare-tipped needles
 W - 6 poisoned tomahawks (quivered)
 Z - a throwing net
Armour
 c - a +0 shield
 s - a +2 pair of boots (worn)
 t - a +1 cloak (worn)
 w - a scarf of repulsion
   (You found it on level 4 of the Dungeon)
 F - a +2 helmet (worn)
 H - a +2 buckler (worn)
 M - a +2 plate armour of magic resistance (worn)
   (You bought it in a shop on level 6 of the Dungeon)
 N - a +0 pair of gloves (worn)
Magical Staves
 n - an uncursed staff of earth
Jewellery
 h - a cursed amulet of rage
 i - an uncursed ring of see invisible
 p - the ring "Paibuiwn" (right hand) {rPois rF+ AC+3}
   (You found it on level 4 of the Dungeon)

   [ring of protection]

   It affects your AC (+3).
   It protects you from fire.
   It protects you from poison.
 x - an uncursed ring of stealth
 E - a +4 ring of evasion (left hand)
 P - a +5 ring of intelligence
Wands
 r - a wand of flame (19)
 A - a wand of clouds (4)
 J - a wand of scattershot (2)
 S - a wand of paralysis (9)
 T - a wand of iceblast (9)
Scrolls
 m - a scroll of magic mapping {!r}
 u - 4 scrolls of remove curse
 C - a scroll of amnesia
 D - 4 scrolls of enchant armour
 V - a scroll of identify
Potions
 d - 3 potions of might {!q}
 k - a potion of brilliance {!q}
 l - a potion of haste {!q}
 q - 8 potions of curing
 v - 3 potions of lignification {!q}
 G - 3 potions of berserk rage
 I - 2 potions of ambrosia
 O - a potion of invisibility {!q}
 Q - a potion of agility {!q}
 U - a potion of cancellation {!q}
Books
 g - a book of Minor Magic
 K - a book of Maledictions
 R - a book of Cantrips
Comestibles
 f - 19 rations
 z - 2 chunks of flesh


   Skills:
 - Level 3.0 Fighting
 + Level 13.3 Long Blades
 + Level 10.3 Armour
 - Level 2.6 Shields


You had 7 spell levels left.
You knew the following spells:

 Your Spells              Type           Power        Failure   Level  Hunger
A - Apportation           Tloc           #.....       100%        1    ##.....
J - Blink                 Tloc           N/A          100%        2    ###....


Dungeon Overview and Level Annotations

Branches:
Dungeon (10/15)            Temple (1/1) D:4
   Lair: D:8-11         Orc: D:9-12

Altars:
Ashenzari
Cheibriados
Dithmenos
Elyvilon
Fedhas
Gozag
Hepliaklqana
Kikubaaqudgha
Makhleb
Nemelex Xobeh
Okawaru
Qazlal
Ru
Sif Muna
Trog
Uskayaw
Vehumet
Wu Jian
Xom
Yredelemnul
Zin
The Shining One

Shops:
D:6 (=[(%

Annotations:
D:9 vpUX: island w ice statue and demons, exclusion: ice statue
D:10 Inkary's ghost, journeyman MiBe


Innate Abilities, Weirdness & Mutations

You are partially covered in iridescent scales. (AC +2)
Your flesh is heat resistant. (rF+)
Your demonic aura causes spilled blood to erupt in flames.
You are partially covered in sharp spines.
You are immune to clouds of flame.


Message History

* * * LOW HITPOINT WARNING * * *
You turn to flesh and can move again.
Damage: 19 (max 19) Unknown command.
Unknown command.
Unknown command.
Unknown command.
Unknown command.
Unknown command.
Unknown command.
Unknown command.
Unknown command.
Unknown command.
Unknown command.
Unknown command.
Unknown command.
The orc warrior hits you but does no damage.
The basilisk gazes at you. You resist with almost no effort.
There is a stone staircase leading up here.
The basilisk bites you but does no damage.
You climb upwards.
Level annotation: vpUX: island w ice statue and demons, exclusion: ice statue
There is a stone staircase leading down here.
Wield which item (- for none, * to show all)? (? for menu, Esc to quit)
Your +0 short sword of electrocution stops crackling.
Your +2 dagger of venom begins to drip with poison!
a - a +2 dagger of venom (weapon)
You closely miss the basilisk.
The basilisk is heavily wounded.
The basilisk is struck by your spines.
The basilisk bites you but does no damage.
You miss the basilisk.
The basilisk is heavily wounded.
You hit the basilisk.
The basilisk is poisoned.
The basilisk is severely wounded.
You block the basilisk's attack.
You miss the basilisk.
The basilisk is severely wounded.
Your plate armour prevents you from hitting the basilisk.
The basilisk is severely wounded.
The basilisk bites you!
* * * LOW HITPOINT WARNING * * *
Damage: 7 (max 19)
You hit the basilisk but do no damage.
The basilisk looks as sick as possible!
The basilisk is severely wounded.
You hit the basilisk but do no damage.
The basilisk is severely wounded.
The basilisk is struck by your spines. The basilisk bites you!
You die...

################ ###
...............########## #..
...................(....# #..
########........#######.# ###..
.....#
#.....#.ยง#######.#####....
####.###....###.@..).............
#...........#.l.######...###..##
#.#.###.......#..#.........[....
##.......................#.......
.............................###.
##.######.#.#.####..###........#.
##.#### #...#.# #[.# ##.......#.
......####....# #..# ##..###...
##.##..###..######..####.....#.##


You could see a basilisk.

Vanquished Creatures
  A centaur warrior (D:9)
  A two-headed ogre (D:9)
  An unseen horror (D:8)
  Pikel (D:3)
  A deep elf mage (D:10)
  An elephant (D:10)
  A manticore (D:9)
  Joseph (D:8)
  A yaktaur (D:9)
  A kobold demonologist (D:9)
  2 trolls (D:9)
  The ghost of hilaritas the Slasher, an amateur BaFi (D:5)
  A hippogriff (D:10)
  A vampire (D:9)
  A spriggan (D:7)
  A wraith (Ossuary)
  4 yaks (D:6)
  3 hungry ghosts
  Menkaure (D:5)
  Edmund (D:4)
  A soldier ant (D:9)
  3 ice beasts
  2 sky beasts
  8 ogres
  An eye of draining (D:8)
  2 necrophages
  4 phantoms
  4 centaurs
  2 big kobolds
  6 bullfrogs
  An elf zombie (Ossuary)
  2 gnoll sergeants (D:6)
  A scorpion (D:9)
  A water moccasin skeleton (D:8)
  3 killer bees (D:7)
  A lava snake (D:7)
  4 crimson imps
  2 centaur zombies
  4 jellies
  3 gnoll shamans (D:6)
  4 bullfrog skeletons
  11 hounds
  5 bullfrog zombies (D:5)
  A centaur skeleton (D:8)
  3 orc priests
  5 orc wizards
  2 worker ants
  4 hound zombies (D:5)
  3 mummies (Ossuary)
  A hound skeleton (D:7)
  4 worker ant zombies (D:5)
  A howler monkey zombie (D:8)
  15 adders
  6 gnolls (D:6)
  3 shadow imps
  2 oozes (D:1)
  8 adder zombies
  An adder skeleton (D:5)
  A worm (D:2)
  A dart slug (D:1)
  12 leopard geckos
  26 orcs
  5 bats
  5 giant cockroaches
  6 goblins
  12 hobgoblins
  9 jackals
  2 quokkas
  A ball python (D:4)
  3 frilled lizards
  A giant cockroach zombie (D:5)
  A goblin zombie (Ossuary)
  2 hobgoblin zombies (Ossuary)
  2 jackal skeletons (D:5)
  A jackal zombie (D:5)
  24 kobolds
  6 kobold zombies (Ossuary)
  2 leopard gecko zombies (D:5)
  An orc zombie (Ossuary)
  A quokka zombie (D:5)
  8 rats
292 creatures vanquished.

Vanquished Creatures (others)
  Grinder (D:4)
1 creature vanquished.

Grand Total: 293 creatures vanquished

Notes
Turn   | Place    | Note
-------+----------+-------------------------------------------
     0 | D:1      | Gorice the Demonspawn Fighter began the quest for the Orb.
     0 | D:1      | Reached XP level 1. HP: 18/18 MP: 1/1
    54 | D:1      | Reached skill level 2 in Long Blades
    86 | D:1      | Gained mutation: You are partially covered in sharp spines. [demonic ancestry]
    86 | D:1      | Reached XP level 2. HP: 16/24 MP: 2/2
   209 | D:1      | Reached skill level 3 in Armour
   334 | D:1      | Reached XP level 3. HP: 28/29 MP: 3/3
   610 | D:2      | Reached skill level 3 in Long Blades
   884 | D:2      | Reached XP level 4. HP: 33/35 MP: 4/4
  1383 | D:2      | Found an ornate altar of the Wu Jian Council.
  1395 | D:2      | Found an ancient bone altar of Kikubaaqudgha.
  1511 | D:3      | Found a faded altar of an unknown god.
  1702 | D:3      | Reached skill level 4 in Long Blades
  1734 | D:3      | Found a shattered altar of Ashenzari.
  1977 | D:3      | Reached XP level 5. HP: 41/41 MP: 5/5
  2404 | D:4      | Noticed a slave
  2405 | D:4      | Noticed Pikel
  2405 | D:4      | Noticed a slave
  2406 | D:4      | Noticed a slave
  2407 | D:4      | Noticed a slave
  2476 | D:3      | Killed Pikel
  2476 | D:3      | Reached skill level 6 in Long Blades
  2476 | D:3      | Reached skill level 4 in Armour
  2476 | D:3      | Gained mutation: Your flesh is heat resistant. (rF+) [demonic ancestry]
  2476 | D:3      | Reached XP level 6. HP: 23/47 MP: 6/6
  2476 | D:3      | Reached XP level 7. HP: 25/52 MP: 7/7
  2794 | D:4      | Reached skill level 5 in Armour
  2818 | D:4      | Noticed Grinder
  2829 | D:4      | Killed Grinder
  3182 | D:4      | Noticed Edmund
  3201 | D:4      | Killed Edmund
  3211 | D:4      | Got a scintillating copper ring
  3213 | D:4      | Identified the ring "Paibuiwn" {rPois rF+ AC+3} (You found it on level 4 of the Dungeon)
  3335 | D:4      | Found a hazy altar of Hepliaklqana.
  3400 | D:4      | Found a blossoming altar of Fedhas.
  3445 | D:4      | Found a staircase to the Ecumenical Temple.
  3454 | Temple   | Entered the Ecumenical Temple
  3684 | Temple   | Became a worshipper of Makhleb the Destroyer
  3825 | D:5      | Entered Level 5 of the Dungeon
  3875 | D:5      | Reached skill level 7 in Long Blades
  3918 | D:5      | Found an opulent altar of Gozag.
  3949 | D:5      | Gained mutation: You are immune to clouds of flame. [demonic ancestry]
  3949 | D:5      | Reached XP level 8. HP: 55/58 MP: 8/8
  3994 | D:5      | Noticed hilaritas's ghost (amateur BaFi)
  4083 | D:5      | Reached * piety under Makhleb
  4317 | D:5      | Reached skill level 6 in Armour
  4526 | D:5      | Killed hilaritas's ghost
  4526 | D:5      | Reached skill level 8 in Long Blades
  4578 | D:5      | Noticed Menkaure
  4808 | D:5      | Killed Menkaure
  5132 | D:6      | Found a basalt altar of Yredelemnul.
  5154 | D:6      | Reached skill level 9 in Long Blades
  5154 | D:6      | Reached XP level 9. HP: 51/63 MP: 9/9
  5165 | D:6      | Found Fabeiklu's Jewellery Emporium.
  5246 | D:6      | Reached skill level 7 in Armour
  5260 | D:6      | Reached ** piety under Makhleb
  5346 | D:6      | Found Kiasti's Antique Armour Boutique.
  5385 | D:6      | Found Giuv's Antique Weapon Shop.
  5427 | D:6      | Found a sacrificial altar of Ru.
  5607 | D:6      | Found Mobuq's Food Boutique.
  5698 | D:6      | Found a shimmering altar of Xom.
  5707 | D:6      | Found a shimmering altar of Xom.
  5707 | D:6      | Found a shimmering altar of Xom.
  5708 | D:6      | Found a shimmering altar of Xom.
  5708 | D:6      | Found a shimmering altar of Xom.
  5736 | D:6      | Found Jiucoas's Antique Weapon Boutique.
  5792 | D:6      | Reached skill level 10 in Long Blades
  6651 | D:7      | Reached skill level 8 in Armour
  6806 | D:7      | Reached *** piety under Makhleb
  6835 | D:7      | Found a hide-covered altar of Uskayaw.
  6872 | D:7      | Gained mutation: Your demonic aura causes spilled blood to erupt in flames. [demonic ancestry]
  6872 | D:7      | Reached XP level 10. HP: 70/70 MP: 10/10
  6916 | D:7      | Reached skill level 11 in Long Blades
  7319 | D:7      | Found a bloodstained altar of Trog.
  7413 | D:8      | Found a sand-covered staircase.
  7459 | Ossuary  | Entered an ossuary
  7662 | Ossuary  | Reached **** piety under Makhleb
  7960 | D:6      | Bought a pair of gloves for 94 gold pieces
  8449 | D:8      | Noticed Joseph
  8467 | D:8      | Killed Joseph
  8467 | D:8      | Reached skill level 9 in Armour
  8507 | D:8      | Reached skill level 12 in Long Blades
  8854 | D:6      | Bought a glowing plate armour for 546 gold pieces
  9110 | D:9      | Learned a level 1 spell: Apportation
  9113 | D:9      | Learned a level 2 spell: Blink
  9323 | D:9      | Noticed an ice statue
  9576 | D:9      | Noticed a centaur warrior
  9576 | D:9      | Noticed a manticore
  9576 | D:9      | Noticed a two-headed ogre
  9592 | D:9      | Noticed an unseen horror
  9624 | D:8      | Killed an unseen horror
  9815 | D:9      | Gained mutation: You are partially covered in iridescent scales. (AC +2) [demonic ancestry]
  9815 | D:9      | Reached XP level 11. HP: 75/75 MP: 11/11
  9838 | D:9      | Killed a two-headed ogre
  9920 | D:9      | Killed a centaur warrior
  9920 | D:9      | Reached skill level 13 in Long Blades
 10262 | D:10     | Entered Level 10 of the Dungeon
 10298 | D:9      | Reached skill level 10 in Armour
 10449 | D:10     | Noticed a deep elf mage
 10451 | D:10     | Noticed a six-headed hydra
 10467 | D:10     | Noticed Inkary's ghost (journeyman MiBe)
 10535 | D:10     | Killed a deep elf mage
 10596 | D:10     | HP: 19/75 [basilisk (4)]
 10609 | D:9      | HP: 10/75 [basilisk (8)]
 10611 | D:9      | Slain by a basilisk

Skill      XL: |  1  2  3  4  5  6  7  8  9 10 11 |
---------------+----------------------------------+-----
Long Blades    | 2 3 4 6 7 9 10 12 13 | 13.3
Armour         | 3 4 5 6 8 9 10 | 10.3
Fighting       | |  3.0
Shields        | |  2.6

Action                   |  1- 3 |  4- 6 |  7- 9 | 10-12 || total
-------------------------+-------+-------+-------+-------++-------
Melee: Long sword        |    68 |       |    96 |     3 ||   167
       Dagger            |     9 |   102 |   392 |   313 ||   816
       Short sword       |       |       |    36 |   172 ||   208
Throw: Javelin           |     4 |     1 |     7 |     8 ||    20
       Tomahawk          |       |       |       |     6 ||     6
Evoke: Wand              |       |       |       |    12 ||    12
  Use: Scroll            |     2 |     7 |     8 |     8 ||    25
       Potion            |       |     1 |     2 |     1 ||     4
  Eat: Chunk             |       |     5 |     8 |    16 ||    29
       Ration            |       |       |     2 |       ||     2
Armor: Scale mail        |    36 |    19 |       |       ||    55
       Chain mail        |       |    12 |   123 |       ||   135
       Plate armour      |       |       |    81 |   198 ||   279
Dodge: Dodged            |    21 |    24 |   156 |   109 ||   310
Block: Shield            |    42 |    40 |   149 |       ||   231
       Buckler           |       |       |    42 |   106 ||   148
       Rpst.: Long sword |     3 |       |    15 |       ||    18

Table legend:
 A = Turns spent in this place as a percentage of turns spent in the entire game.
 B = Non-inter-level travel turns spent in this place as a percentage of non-inter-level travel turns spent in the entire game.
 C = Inter-level travel turns spent in this place as a percentage of turns spent in this place.
 D = Turns resting spent in this place as a percentage of non-inter-level travel turns spent in this place.
 E = Turns spent auto-exploring this place as a percentage of non-inter-level travel turns spent in this place.
 F = Non-inter-level travel turns spent in this place divided by the number of levels of this place that you've seen.
                   A       B       C       D       E      F
               +-------+-------+-------+-------+-------+----------------------
         Total | 100.0 | 100.0 |   5.6 |  14.9 |  43.2 | 834.5
       Dungeon |  93.3 |  93.3 |   5.7 |  16.0 |  43.7 | 934.2
        Temple |   2.5 |   2.3 |  13.4 |   0.0 |  90.5 | 232.0
       Ossuary |   4.1 |   4.4 |   0.0 |   0.0 |   6.6 | 440.0
               +-------+-------+-------+-------+-------+----------------------

Vault maps used:
D:1:      ncdulo_smallfort, st_stairs_4, hex_medium
D:2:      minitemple, grunt_decor_one_mirror, hangedman_decor_growths
D:3:      minmay_wonky_spiral, ashenzari_conservatory_becter,
          chequers_ecumenical_altar_simple_redux, grunt_ministairs_8
D:4:      lemuel_round_altar, kennysheep_little_box, temple_hall, first_ration,
          uniq_grinder, uniq_pikel, uniq_edmund
D:5:      nicolae_gozag_seed_capital, serial_undead, serial_undead_b,
          serial_undead_a, serial_undead_d, serial_undead_b, serial_undead_f,
          serial_undead_d, serial_undead_c, serial_undead_a, serial_undead_d,
          serial_undead_a, uniq_menkaure
D:6:      kennysheep_housing_project, lemuel_round_altar,
          yredelemnul_altar_generic, serial_shops, nicolae_shop_window_shopping,
          nicolae_shop_crystal, kennysheep_mini_moat,
          nicolae_shop_overgrown_old_shop, nicolae_shop_statue_plus,
          xom_redecorated
D:7:      eat_drink_and_be_merry_uskayaw, bloody_trog, fountainhead, the_bakery,
          kennysheep_dice
D:8:      enter_ossuary_2, lemuel_flame_loot_1, uniq_joseph
D:9:      cheibrodos_frozen_isle, hangedman_decor_points,
          minmay_misc_feat_nine_boxes, minivault_28
D:10:     david_lair_generic, amethyst_killhole, minmay_radiant, uniq_josephine
Temple:   minmay_temple_bridge_abc
Ossuary:  ossuary_kennysheep_city_of_the_dead
